AoeStats
← OHW1997

Northern Isles

511007496Analyzed
1v1 RM · 9h ago on Oct 3, 2026· 36m 55s· 2 players
Game mode
Random Map
Map size
Tiny (2 player)
Population
200
Speed
Normal
Resources
Standard
Victory
Conquest
Starting age
Dark Age
Ending age
Imperial Age
RankedLock teamsTeams togetherTeam positionsShared explorationLock speedFull tech treeHidden civsTurbo modeCheats
Victory
Defeat
🇭🇰 Saracens · Hong Kong SAR China
1458
+15
🇬🇧 Vikings · United Kingdom
1442
-15
OHW1997
7:36 Loom
9:53 Feudal Age
10:56 Double-Bit Axe
17:10 Fishing Lines
20:33 Castle Age
18:41 Fletching
18:52 Padded Archer Armor
21:37 Leather Archer Armor
21:18 Bodkin Arrow
25:37 Stone Mining
28:38 Careening
32:38 Imperial Age
30:44 Gillnets
31:03 Gold Mining
32:03 Ballistics
34:22 Chemistry
33:46 Elite Longship
36:35 Ring Archer Armor
36:05 Bracer
good boy
7:35 Loom
9:42 Feudal Age
11:32 Double-Bit Axe
11:57 Fletching
17:43 Castle Age
16:05 Horse Collar
17:49 Town Watch
18:39 Bodkin Arrow
19:09 Medium Warships
20:01 Bow Saw
24:20 Ballistics
32:53 Imperial Age
31:12 Careening
31:45 Wheelbarrow
32:26 Clinker Construction
32:53 Hand Cart
32:55 Gold Mining
34:35 Chemistry
33:41 Bracer
35:16 Heavy Warships
35:12 Stone Mining
37:34 Two-Man Saw
36:24 Elite Cannon Galleon
37:34 Conscription
Connection lost

Rejoining the realm…

Still unreachable

The connection could not be restored.

Session expired

The server has moved on; the page needs a fresh start.